 Dungeon Crawl Stone Soup version 0.27.1-1-g398f81649c (webtiles) character file.

Game seed: 16052176437935755069

113 H0rd4k the Insei (level 4, -9/29 HPs)
             Began as an Octopode Transmuter on Sept 22, 2021.
             Mangled by a gnoll (10 damage)
             ... on level 2 of the Dungeon.
             The game lasted 00:02:12 (2368 turns).

H0rd4k the Insei (Octopode Transmuter)              Turns: 2368, Time: 00:02:12

Health: -9/29      AC:  1    Str:  9    XL:     4   Next: 96%
Magic:  7/7        EV: 13    Int: 16    God:
Gold:   84         SH:  0    Dex: 12    Spells: 3/7 levels left

rFire    . . .     SeeInvis .     - Unarmed
rCold    + . .     Faith    .   (no shield)
rNeg     . . .     Spirit   .   (helmet restricted)
rPois    .         Reflect  .   (no amulet)
rElec    .         Harm     .   l - ring of protection from cold
rCorr    .         Rampage  .   (no ring)
Will     .....                  (no ring)
Stlth    +++.......             (no ring)
HPRegen  0.09/turn              (no ring)
MPRegen  0.10/turn              (no ring)
                                (no ring)
                                (no ring)

@: no status effects
A: almost no armour, amphibious, 8 rings, camouflage 1, gelatinous body 1,
(nimble swimmer 1), tentacles
a: no special abilities


You were on level 2 of the Dungeon.
You visited 1 branch of the dungeon, and saw 3 of its levels.

You collected 84 gold pieces.

Inventory:

Jewellery
 l - a ring of protection from cold (left tentacle)
Scrolls
 a - a scroll of amnesia {unknown}
 c - 3 scrolls of identify {unknown}
 d - a scroll of teleportation {unknown}
 g - a scroll of enchant weapon {unknown}
 h - a scroll of holy word {unknown}
 k - a scroll of magic mapping {unknown}
Potions
 b - a potion of berserk rage {unknown}
 e - a potion of heal wounds {unknown}
 f - a potion of curing {unknown}
 i - a potion of brilliance {unknown}
 j - a potion of degeneration {unknown}


   Skills:
 + Level 1.6 Fighting
 + Level 2.7 Dodging
 + Level 2.0 Stealth
 + Level 4.4 Unarmed Combat
 + Level 2.0 Spellcasting
 + Level 2.0 Transmutations


You had 3 spell levels left.
You knew the following spells:

 Your Spells              Type           Power      Damage    Failure   Level
a - Beastly Appendage     Tmut           16%        N/A       9%          1
b - Spider Form           Tmut/Pois      2%         N/A       38%         3

Your spell library contained the following spells:

 Spells                   Type           Power      Damage    Failure   Level
 Wereblood                Tmut           8%         N/A       13%         2
 Ice Form                 Ice/Tmut       4%         N/A       80%         4


Dungeon Overview and Level Annotations

Branches:
Dungeon (3/15)

Altars:
Hepliaklqana
Nemelex Xobeh

Annotations:
D:2 exclusion: downstairs


Innate Abilities, Weirdness & Mutations

You cannot wear most types of armour.
You are amphibious.
You can wear up to eight rings at the same time.
Your skin changes colour to match your surroundings (Stealth+).
Your rubbery body absorbs attacks. (AC +1, EV +1)
((You are camouflaged near water. (Stealth+)))
You have tentacles for arms and can constrict up to eight enemies at once.


Message History

Things that are here:
a +0 flail; an orc corpse
There is a stone staircase leading up here.
The gnoll hits you from afar with a +0 halberd.
You climb upwards.
Level annotation: exclusion: downstairs
There is a stone staircase leading down here.
You start resting.
HP restored.
You climb downwards.
There is a stone staircase leading up here.
Things that are here:
a +0 flail; an orc skeleton The gnoll misses you.
You tentacle-slap the gnoll. You grab the gnoll. You squeeze the gnoll.
The gnoll is moderately wounded.
You constrict the gnoll, but do no damage.
The gnoll hits you with a +0 halberd!
Ouch! That really hurt!
You tentacle-slap the gnoll but do no damage.
You tentacle-slap the gnoll.
The gnoll is heavily wounded.
You constrict the gnoll. You tentacle-slap the gnoll.
You kill the gnoll!
Your Stealth skill increases to level 2!
Things that are here:
a +0 halberd; a gnoll corpse
Things that are here:
a +0 flail; an orc skeleton The gnoll shouts!
The gnoll barely misses you.
There is a stone staircase leading up here.
The gnoll hits you with a +0 halberd!
* * * LOW HITPOINT WARNING * * *
You climb upwards.
Level annotation: exclusion: downstairs
There is a stone staircase leading down here.
The gnoll hits you from afar with a +0 halberd!
You die...

#.#.......#..#.#.#.......... ###
#.###.#.###..#.............. ..#
#.......# #..###.#.......... ..#
#####.### #.[..>............
##### #.# ##.#.###.#.#####..
....# #.######.#.....#.#####..
###.# #.#......#####.#.#...'.. #
#.# #.......## ###...#.###.. #
#.# ##########@# #.......# #..
#.# #........>.####.####### #..
###.###.##.#.##g...##.# #..
.........#.#.##.##.##.#########..
....#.#..#.#.##.##....#....<)....
....#.#....#.##.......#..........
....#.##.###)..#.....##.....<....
....#.....####'#.######..........
###.#.#..........# ###########


You could see a gnoll.

Vanquished Creatures
  3 gnolls (D:3)
  3 adders
  3 dart slugs
  An orc (D:3)
  2 ball pythons (D:1)
  5 endoplasms
  3 giant cockroaches (D:1)
  6 hobgoblins
  2 quokkas (D:1)
  4 bats
  2 frilled lizards (D:2)
  8 goblins
  3 kobolds
  7 rats
52 creatures vanquished.

Vanquished Creatures (others)
  11 toadstools (D:3)
11 creatures vanquished.

Grand Total: 63 creatures vanquished

Notes
Turn   | Place    | Note
-------+----------+-------------------------------------------
     0 | D:1      | H0rd4k the Octopode Transmuter began the quest for the Orb.
     0 | D:1      | Reached XP level 1. HP: 13/13 MP: 3/3
   158 | D:1      | Found a faded altar of an unknown god.
   168 | D:1      | Reached XP level 2. HP: 9/18 MP: 5/5
  1032 | D:1      | Reached XP level 3. HP: 23/23 MP: 6/6
  1272 | D:1      | Learned a level 3 spell: Spider Form
  1322 | D:2      | Reached skill level 1 in Stealth
  1330 | D:2      | Reached skill level 4 in Unarmed Combat
  1778 | D:2      | Reached XP level 4. HP: 28/28 MP: 7/7
  1844 | D:2      | Found a sparkling altar of Nemelex Xobeh.
  2046 | D:3      | Found a hazy altar of Hepliaklqana.
  2366 | D:3      | HP: 1/29 [gnoll (13)]
  2368 | D:2      | Mangled by a gnoll

Illustrated notes

Levels and vault maps discovered:
D:1:      heliophobic_arrival_enchanted_forest, layout_basic,
          hellmonk_ecumenical_altar_run_dry, minmay_octomino_j4
D:2:      layout_basic, basic_altar
D:3:      cheibrodos_fertilizer, layout_loops_ring, mainiacjoe_overflow_catwalk,
          general_overflow_altar, kennysheep_generic_room_10

Skill      XL: |  1  2  3  4 |
---------------+-------------+-----
Stealth        | 1 2 |  2.0
Unarmed Combat | 4 |  4.4
Fighting       | |  1.6
Dodging        | |  2.7
Spellcasting   | |  2.0
Transmutations | |  2.0

Action                   |  1- 3 |  4- 6 || total
-------------------------+-------+-------++-------
Melee: Unarmed           |    94 |    27 ||   121
       Constrict         |    26 |     7 ||    33
       Tentacles         |    13 |     4 ||    17
       Punch             |     3 |     1 ||     4
       Kick              |     2 |     3 ||     5
 Cast: Beastly Appendage |     1 |     1 ||     2
 Stab: Sleeping          |     8 |     1 ||     9
Armor: Skin              |    10 |     2 ||    12
Dodge: Dodged            |    62 |    17 ||    79
